AoeStats
← iAlejandrouae

Nomad

507202449Analyzed
4v4 RM · 16d ago on Sep 17, 2026· 47m 24s· 8 players
Game mode
Random Map
Map size
231×231
Population
200
Speed
Normal
Resources
Standard
Victory
Conquest
Starting age
Dark Age
Ending age
Imperial Age
RankedLock teamsTeams togetherTeam positionsShared explorationLock speedFull tech treeHidden civsTurbo modeCheats
Victory
Defeat
🇲🇽 Italians · Mexico
1649
+11
🇦🇷 Bohemians · Argentina
1600
+13
🇦🇷 Japanese · Argentina
1416
+20
🇵🇪 Goths · Peru
1406
+21
🇦🇷 Huns · Argentina
1599
-19
🇭🇰 Aztecs · Hong Kong SAR China
1558
-18
🇧🇷 Vikings · Brazil
1521
-16
🇨🇴 Teutons · Colombia
1408
-12
uribeparacohp
5:28 Loom
13:52 Feudal Age
17:52 Castle Age
15:52 Horse Collar
16:33 Double-Bit Axe
18:59 Bow Saw
33:57 Imperial Age
31:57 Fletching
34:09 Cavalier
Perseu
7:32 Loom
12:34 Feudal Age
13:31 Double-Bit Axe
17:36 Fletching
21:28 Castle Age
21:58 Crossbowman
22:40 Bodkin Arrow
22:58 Medium Warships
25:25 Scale Barding Armor
29:29 Horse Collar
38:55 Bow Saw
42:18 Ballistics
42:41 Padded Archer Armor
iAlejandrouae
8:23 Loom
13:02 Feudal Age
13:50 Town Watch
20:28 Fletching
22:37 Wheelbarrow
26:36 Horse Collar
26:44 Double-Bit Axe
31:34 Castle Age
33:03 Hand Cart
39:22 Scale Barding Armor
41:44 Scale Barding Armor
42:00 Bloodlines
43:00 Chain Barding Armor
43:41 Forging
45:09 Iron Casting
45:49 Husbandry
46:28 Bodkin Arrow
46:33 Padded Archer Armor
45:59 Elite Skirmisher
46:45 Thumb Ring
你朋友
4:34 Loom
13:22 Feudal Age
17:20 Castle Age
16:53 Double-Bit Axe
17:35 Fletching
18:20 Bow Saw
17:39 Crossbowman
19:58 Bodkin Arrow
20:55 Town Watch
23:15 Gold Mining
26:56 Wheelbarrow
28:52 Padded Archer Armor
28:59 Stone Mining
30:37 Horse Collar
34:32 Imperial Age
34:09 Squires
35:21 Bracer
37:42 Ballistics
38:23 Chemistry
37:14 Guard Tower
38:22 Eagle Warrior
39:08 Scale Mail Armor
41:09 Chain Mail Armor
41:46 Arbalester
42:43 Leather Archer Armor
43:57 Heavy Plow
43:47 Elite Eagle Warrior
47:20 Plate Mail Armor
47:00 Forging
eL| Barry_Allen
5:05 Loom
13:13 Feudal Age
17:09 Castle Age
15:10 Double-Bit Axe
15:44 Fishing Lines
16:22 Fletching
18:40 Gillnets
19:10 Bow Saw
18:48 Town Watch
22:22 Wheelbarrow
24:10 Medium Warships
24:25 Gold Mining
24:28 Stone Mining
24:25 Demolition Ship
25:46 Careening
25:46 Clinker Construction
26:12 Hand Cart
25:44 Horse Collar
27:49 Heavy Plow
31:45 Imperial Age
32:03 Scale Mail Armor
32:46 Squires
32:31 Arson
33:58 Chain Mail Armor
35:19 Plate Mail Armor
34:59 Forging
36:13 Conscription
36:58 Ballistics
37:15 Bodkin Arrow
37:21 Padded Archer Armor
38:43 Bracer
39:19 Iron Casting
40:46 Chemistry
41:35 Heavy Warships
41:30 Elite Cannon Galleon
42:24 Thumb Ring
43:22 Two-Man Saw
42:58 Stone Shaft Mining
44:45 Leather Archer Armor
45:30 Blast Furnace
44:47 Elite Genoese Crossbowman
WalterWhite
5:06 Loom
14:09 Feudal Age
15:56 Fletching
19:39 Castle Age
18:17 Padded Archer Armor
19:49 Elite Skirmisher
Maech_
4:15 Loom
13:56 Feudal Age
14:13 Man-at-Arms
31:00 Double-Bit Axe
46:00 Wheelbarrow
Franco Guanajuato
4:53 Loom
16:42 Feudal Age
20:10 Castle Age
18:24 Double-Bit Axe
21:15 Fletching
21:44 Bow Saw
22:41 Fervor
27:30 Imperial Age
27:13 Chemistry
28:17 Fletching
29:01 Sanctity
28:57 Block Printing
30:10 Wheelbarrow
30:52 Theocracy
33:01 Conscription
36:47 Padded Archer Armor
36:44 Bodkin Arrow
37:51 Horse Collar
39:48 Coinage
42:04 Town Watch
42:59 Hand Cart
43:24 Houfnice
46:37 Siege Engineers
47:58 Hussite Reforms
Connection lost

Rejoining the realm…

Still unreachable

The connection could not be restored.

Session expired

The server has moved on; the page needs a fresh start.